 Dungeon Crawl Stone Soup version 0.29.1-4-g47bece8355 (webtiles) character file.

Game seed: 9535774447186261775

68947 Goreval the Severer (level 15, -7/138 HPs)
             Began as a Hill Orc Monk on Nov 30, 2022.
             Was the Champion of Beogh.
             Killed from afar by an orc sorcerer (30 damage)
             ... with a bolt of fire
             ... on level 2 of the Orcish Mines on Dec 5, 2022.
             The game lasted 01:18:22 (22617 turns).

Goreval the Severer (Hill Orc Monk)                Turns: 22617, Time: 01:18:22

Health: -7/138     AC: 15    Str: 30    XL:     15   Next: 28%
Magic:  11/22      EV: 15    Int: 10    God:    Beogh [******]
Gold:   2144       SH: 11    Dex: 13    Spells: 14/14 levels left

rFire   . . .      SeeInvis .   V - +8 hand axe "Uvyquoma" {spect, Str+2}
rCold   + . .      Faith    .   F - +0 kite shield
rNeg    . . .      Spirit   .   m - +5 robe of Fortitude {rPois rC+}
rPois   +          Reflect  .   Z - +0 helmet
rElec   .          Harm     .   l - +2 cloak
rCorr   .          Rampage  .   H - +0 pair of gloves
Will    ++...                   h - +0 pair of boots
Stlth   ++........              P - amulet of regeneration
HPRegen 1.13/turn               d - +6 ring of strength
MPRegen 0.18/turn               D - ring of willpower

@: no status effects
A: walk on water
a: Renounce Religion, Smiting, Recall Orcish Followers, Give Item to Named
Follower, Resurrection


You were on level 2 of the Orcish Mines.
You worshipped Beogh.
Beogh was exalted by your worship.
You visited 3 branches of the dungeon, and saw 22 of its levels.
You also visited: Sewer.

You collected 2390 gold pieces.
You spent 246 gold pieces at shops.

Inventory:

Hand Weapons
 a - the +6 war axe "Orb Guardian's Foe" {vorpal, rN+}
   (You found it on level 3 of the Dungeon)

   It inflicts extra damage upon your enemies.
   rN:        It protects you from negative energy.
 C - the +3 war axe of Zofue {freeze, Stlth+}
   (You bought it in a shop on level 15 of the Dungeon)

   It freezes those it strikes, dealing additional cold damage.
   It can also slow down cold-blooded creatures.
   Stlth:     It makes you more stealthy.
 V - the +8 hand axe "Uvyquoma" (weapon) {spect, Str+2}
   (You found it on level 14 of the Dungeon)

   When its wielder attacks, the weapon's spirit leaps out and strikes again.
   The spirit shares a part of any damage it takes with its wielder.
   Str:       It affects your strength (+2).
 W - a +1 scimitar of flaming
 X - a +1 bardiche of pain
Missiles
 g - 84 stones (quivered)
 i - a throwing net
Armour
 h - a +0 pair of boots (worn)
 l - a +2 cloak (worn)
 m - the +5 robe of Fortitude (worn) {rPois rC+}
   (You found it on level 2 of the Dungeon)

   rC:        It protects you from cold.
   rPois:     It protects you from poison.
 F - a +0 kite shield (worn)
 H - a +0 pair of gloves (worn)
 U - the +3 ring mail "Diamaol" {*Slow Fly Dex+4 Slay+2}
   (You found it on level 14 of the Dungeon)

   Dex:       It affects your dexterity (+4).
   Slay:      It affects your accuracy & damage with ranged weapons and melee
   (+2).
   Fly:       It grants you flight.
   *Slow:     It may slow you when you take damage.
 Z - a +0 helmet (worn)
Jewellery
 d - a +6 ring of strength (left hand)
 y - a ring of fire
 D - a ring of willpower (right hand)
 M - a ring of flight
 P - an amulet of regeneration (around neck)
 Q - a ring of ice
Wands
 E - a wand of charming (11)
 L - a wand of roots (31)
 S - a wand of digging (1)
 T - a wand of quicksilver (4)
 Y - a wand of mindburst (4)
Scrolls
 e - 4 scrolls of enchant weapon
 k - 5 scrolls of enchant armour
 n - 2 scrolls of poison
 o - 7 scrolls of vulnerability
 q - 2 scrolls of immolation
 r - 4 scrolls of fear
 x - a scroll of brand weapon
 z - 6 scrolls of teleportation
 A - 6 scrolls of blinking
 G - 2 scrolls of fog
 K - a scroll of summoning
 O - a scroll of amnesia
 R - 3 scrolls of magic mapping
Potions
 c - 3 potions of ambrosia
 f - 17 potions of curing
 j - 6 potions of brilliance
 p - 3 potions of invisibility
 s - a potion of berserk rage
 t - 6 potions of haste
 u - 6 potions of heal wounds
 v - 3 potions of attraction
 w - 4 potions of flight
 B - 3 potions of mutation
 I - 4 potions of lignification
 J - a potion of cancellation
 N - 3 potions of might
Miscellaneous
 b - a phantom mirror


   Skills:
 + Level 14.3 Fighting
 * Level 20.4(20.6) Axes
 - Level 4.3(12.2) Polearms
 + Level 8.1 Armour
 + Level 10.1 Dodging
 - Level 1.5 Stealth
 - Level 9.3 Shields
 + Level 10.4 Invocations


You had 14 spell levels left.
You didn't know any spells.
Your spell library contained the following spells:

 Spells                   Type           Power      Damage    Failure   Level
 Beastly Appendage        Tmut           0%         N/A       65%         1
 Foxfire                  Conj/Fire      0%         2x1d4     65%         1
 Sting                    Tmut/Pois      0%         1d3       65%         1
 Summon Small Mammal      Summ           0%         N/A       65%         1
 Poisonous Vapours        Pois/Air       0%         N/A       78%         2
 Static Discharge         Conj/Air       0%         3-3/arc   78%         2
 Sublimation of Blood     Necr           0%         N/A       78%         2
 Wereblood                Tmut           0%         N/A       78%         2
 Call Canine Familiar     Summ           0%         N/A       95%         3
 Conjure Flame            Conj/Fire      0%         6-21      95%         3
 Dazzling Flash           Conj/Hex       0%         N/A       95%         3
 Inner Flame              Hex/Fire       0%         N/A       95%         3
 Ozocubu's Armour         Ice            0%         N/A       95%         3
 Spider Form              Tmut/Pois      0%         N/A       95%         3
 Summon Guardian Golem    Hex/Summ       0%         N/A       95%         3
 Tukima's Dance           Hex            0%         N/A       95%         3
 Airstrike                Air            0%         2d(0-16)  100%        4
 Animate Dead             Necr           0%         N/A       100%        4
 Corpse Rot               Necr/Pois/Air  0%         N/A       100%        4
 Dispel Undead            Necr           0%         3d6       100%        4
 Flame Wave               Conj/Fire      0%         2d4       100%        4
 Iskenderun's Mystic Bla  Conj/Tloc      0%         2d3       100%        4
 Olgreb's Toxic Radiance  Pois           0%         N/A       100%        4
 Passage of Golubria      Tloc           0%         N/A       100%        4
 Summon Lightning Spire   Summ/Air       0%         N/A       100%        4
 Agony                    Necr           0%         N/A       100%        5
 Blade Hands              Tmut           0%         N/A       100%        5
 Irradiate                Conj/Tmut      0%         3d11      100%        5
 Lightning Bolt           Conj/Air       0%         1d11      100%        5
 Silence                  Hex/Air        0%         N/A       100%        5
 Yara's Violent Unravell  Hex/Tmut       0%         3d3       100%        5
 Death Channel            Necr           0%         N/A       100%        6
 Starburst                Conj/Fire      0%         6d3       100%        6
 Dragon Form              Tmut           0%         N/A       100%        7
 Haunt                    Necr/Summ      0%         N/A       100%        7
 Orb of Destruction       Conj           0%         9d5       100%        7
 Ozocubu's Refrigeration  Ice            0%         4d7       100%        7
 Spellforged Servitor     Conj/Summ      0%         N/A       100%        7
 Summon Hydra             Summ           0%         N/A       100%        7
 Infestation              Necr           0%         N/A       100%        8
 Maxwell's Capacitive Co  Air            0%         ∞         100%        8


Dungeon Overview and Level Annotations

Branches:
Dungeon (15/15) Zot: 25606  Temple (0/1) D:5            Lair (5/5) D:11 Zot: 25873
 Shoals (0/4) Lair:2        Snake (0/4) Lair:2        Slime (0/5) Lair:5
    Orc (2/2) D:9 Zot: 11335  Vaults (0/5) D:14         Depths (0/4) D:15
  Sewer (visited)
    Elf: Orc:2

Altars:
Elyvilon
Kikubaaqudgha
Okawaru
Ru

Shops:
D:13 *   D:15 (

Portals:
Trove: D:13 (give 11 potions of heal wounds)


Message History

It asks, "Are you our saviour?"
An orc warrior, an orc wizard and an orc come into view.
Your orc priest no longer looks unusually strong.
Your orc wizard no longer looks unusually strong.
Something hits your orc warrior.
Your orc warrior hits the orc sorcerer but does no damage.
Your orc warrior hits something with a +0 hand axe!!
Your orc warrior completely misses something.
Your orc warrior barely misses something.
Something hits your orc warrior.
The orc wizard hits your orc with a +0 dagger.
The orc warlord roars a battlecry!
The orc knight goes into a battle-frenzy!
Something hits your orc warrior.
Your orc wizard no longer looks unusually strong.
The orc sorcerer no longer looks unusually strong.
Your orc warrior no longer looks unusually strong.
Your orc barely misses the orc knight.
The orc wizard casts a spell at you. You resist with almost no effort.
Something hits your orc warrior.
Your orc warrior closely misses something.
Your orc warrior hits something with a +0 hand axe!
Beogh accepts your kill.
Beogh blesses Ugbert with improved armour.
You feel a bit more experienced.
Ugbert looks more experienced.
Ugbert hits something with a +0 hand axe!
Something hits Ugbert.
The orc knight hits your orc warrior with a +2 battleaxe!!
Your orc warrior dies!
The orc knight barely misses your orc. The orc knight closely misses your orc.
Something barely misses your orc wizard.
The orc warlord roars a battlecry!
The orc sorcerer goes into a battle-frenzy!
The orc sorcerer gestures at you while chanting.
The bolt of fire hits your orc!!
Your orc dies!
The bolt of fire hits you!!
You die...
Beogh appreciates the orc sorcerer's killing of a heretic priest.

### #.# #.# ###..# #
##)##.# ##.##.ooo.#
#...oo.oo.#
####.##.##o#ooo# ##....
# ##@)o).# o
#.....####$.)o)o######o.
#...#..#....)))#..3....
#.............o#.).....
............oo)o..o.o.
###.........))o......
##..<.......)..).....
#........#......3).o.
##.#......$...)).)..o


You could see an orc warlord (strong, very poisoned), an orc knight (strong), an
orc sorcerer (strong), an orc wizard (strong), the friendly Borgun the orc
warlord (strong), the friendly Arbolt the orc knight, a friendly orc high priest
(strong), a friendly orc warrior, the friendly Ugbert the orc warrior (strong),
3 friendly orc priests, 2 friendly orc wizards and 3 friendly orcs.

Vanquished Creatures
  Jorgrun (Orc:2)
  Donald (Orc:2)
  An orc warlord (Orc:1)
  Fannar (Lair:1)
  A boulder beetle (D:15)
  4 centaur warriors
  2 ogre magi
  The ghost of ripuliukko the Geomancer, a journeyman GrEE of Vehumet (D:12)
  4 two-headed ogres
  2 catoblepae
  A tengu warrior (D:14)
  2 death yaks (Lair:5)
  2 orc high priests
  3 skeletal warriors
  A wizard (D:14)
  2 deep elf pyromancers (D:15)
  5 ugly things (D:14)
  An orc sorcerer (Orc:2)
  5 elephants
  2 slime creatures
  6 cyclopes
  7 cane toads
  A black mamba (Lair:3)
  Maggie (D:7)
  A kobold demonologist (D:13)
  A yaktaur (D:13)
  8 komodo dragons
  An unseen horror (D:12)
  A tengu conjurer (D:14)
  3 efreet
  A freezing wraith (D:14)
  5 trolls
  A polar bear (Lair:1)
  3 dream sheep (Lair:5)
  7 blink frogs
  2 wraiths (D:10)
  11 yaks
  2 wyverns
  A basilisk (D:14)
  2 steam dragons
  A human (shapeshifter) (D:14)
  5 nagas (Lair:2)
  2 acid dragons
  8 water moccasins
  9 orc warriors
  2 sky beasts
  4 black bears
  12 ogres
  A swamp drake (D:9)
  3 ice beasts
  15 centaurs
  9 wolves
  3 phantoms
  4 necrophages
  7 bullfrogs
  A gnoll sergeant (D:7)
  2 scorpions
  2 wights (D:9)
  12 killer bees
  9 howler monkeys
  4 electric eels
  A quasit (D:11)
  A hound (D:6)
  6 orc priests
  3 jellies
  5 orc wizards
  7 iguanas
  A hell rat (Sewer)
  6 gnolls
  4 adders
  A river rat (Sewer)
  A shadow imp (D:6)
  2 white imps
  3 ufetubi
  2 worms (D:5)
  A dart slug (D:1)
  17 orcs
  6 endoplasms
  5 giant cockroaches
  2 goblins
  9 hobgoblins
  7 jackals
  10 kobolds
  4 quokkas (D:1)
  4 ball pythons
  4 bats
  6 rats
340 creatures vanquished.

Vanquished Creatures (collateral kills)
  Gastronok (Lair:1)
  A stone giant (D:15)
  A dire elephant (Lair:5)
  Snorg (D:11)
  A fire dragon (D:14)
  A hydra (D:14)
  3 boulder beetles
  A centaur warrior (D:15)
  2 two-headed ogres
  A deep troll shaman (Lair:5)
  4 death yaks (Lair:5)
  Urug (D:11)
  3 soul eaters (D:11)
  Lodul (D:12)
  5 skeletal warriors
  A deep troll (D:14)
  A phantasmal warrior (D:14)
  2 oklob plants (Lair:5)
  3 orc knights
  An orc sorcerer (Orc:2)
  5 ugly things
  2 cyclopes
  A manticore (D:12)
  8 elephants
  A guardian serpent (shapeshifter) (D:13)
  2 orange demons (D:11)
  A smoke demon (D:11)
  4 cane toads
  A gargoyle (D:12)
  2 kobold demonologists
  2 ice devils (D:11)
  2 komodo dragons (Lair:4)
  2 hellwings (D:11)
  11 trolls
  A queen bee (D:12)
  A red devil (D:11)
  2 polar bears
  A hornet (D:9)
  6 slime creatures
  4 dream sheep (Lair:5)
  10 blink frogs
  6 yaks
  4 wraiths
  2 ynoxinuls (D:11)
  A water elemental (D:15)
  A chaos spawn (D:11)
  4 basilisks
  5 vampire mosquitoes
  A warg (Orc:1)
  A naga (Lair:2)
  4 water moccasins
  7 orc warriors
  A black bear (D:11)
  9 ogres
  12 wolves
  A centaur (D:15)
  A kobold brigand (D:13)
  A bullfrog (Lair:1)
  A scorpion (D:11)
  A wight (D:9)
  4 killer bees (D:12)
  3 howler monkeys
  3 orc priests
  5 orc wizards
  9 orcs
  4 kobolds (D:13)
  2 butterflies (Lair:2)
197 creatures vanquished.

Vanquished Creatures (others)
  An orc high priest (Orc:2)
  10 orc priests
  3 orc knights
  A centaur simulacrum (D:12)
  13 orc warriors
  A human (D:9)
  9 orc wizards
  41 orcs
  A demonic plant (D:11)
  19 fungi
  51 plants
150 creatures vanquished.

Grand Total: 687 creatures vanquished

Notes
Turn   | Place    | Note
-------+----------+-------------------------------------------
     0 | D:1      | Goreval the Hill Orc Monk began the quest for the Orb.
     0 | D:1      | Reached XP level 1. HP: 19/19 MP: 1/1
   421 | D:1      | Reached XP level 2. HP: 25/27 MP: 2/2
   643 | D:1      | Reached skill level 1 in Armour
  1104 | D:1      | Reached XP level 3. HP: 33/33 MP: 3/3
  1536 | D:2      | Identified the +5 robe of Fortitude {rPois rC+}
  2300 | D:3      | Found a faded altar of an unknown god.
  2428 | D:3      | Identified the +6 war axe "Orb Guardian's Foe" {vorpal,
                  | rN+}
  2538 | D:3      | Reached XP level 4. HP: 38/40 MP: 4/4
  2877 | D:2      | Reached skill level 1 in Axes
  3131 | D:4      | Noticed a phantom
  3136 | D:4      | Reached skill level 2 in Axes
  3451 | D:4      | Reached XP level 5. HP: 47/47 MP: 5/5
  3675 | D:5      | Entered Level 5 of the Dungeon
  3682 | D:5      | Reached skill level 3 in Axes
  3689 | D:5      | Noticed an ice beast
  3690 | D:5      | Noticed a water moccasin
  3707 | D:5      | Killed a water moccasin
  3708 | D:5      | Reached skill level 5 in Fighting
  3708 | D:5      | Reached skill level 4 in Axes
  3708 | D:5      | Reached XP level 6. HP: 15/56 MP: 6/6
  3748 | D:5      | Killed an ice beast
  3749 | D:5      | Reached skill level 5 in Axes
  3749 | D:5      | Reached XP level 7. HP: 13/61 MP: 7/7
  3915 | D:5      | Identified the +2 leather armour of Gofrowol {Harm rElec
                  | Dex+7}
  4042 | D:5      | Found a glowing drain.
  4051 | D:5      | Reached skill level 6 in Axes
  4057 | Sewer    | Entered a sewer
  4495 | D:5      | Found a staircase to the Ecumenical Temple.
  4839 | D:6      | Noticed a troll
  4866 | D:5      | Reached skill level 1 in Shields
  4918 | D:6      | Became a worshipper of Beogh the Brigand
  4918 | D:6      | Reached * piety under Beogh
  4918 | D:6      | Reached ** piety under Beogh
  4936 | D:6      | Reached skill level 7 in Axes
  4936 | D:6      | Reached XP level 8. HP: 54/70 MP: 8/8
  4953 | D:6      | Killed a troll
  4954 | D:6      | Reached skill level 8 in Axes
  5410 | D:6      | Reached skill level 9 in Axes
  5410 | D:6      | Reached XP level 9. HP: 73/79 MP: 9/9
  5704 | D:7      | Noticed Maggie
  5724 | D:7      | Killed Maggie
  5836 | D:7      | Reached skill level 10 in Axes
  5836 | D:7      | Reached skill level 5 in Dodging
  6633 | D:6      | Reached skill level 5 in Shields
  6684 | D:6      | Reached *** piety under Beogh
  6741 | D:6      | Reached skill level 11 in Axes
  6819 | D:6      | Reached XP level 10. HP: 82/90 MP: 10/10
  7888 | D:8      | Reached skill level 12 in Axes
  8273 | D:9      | Found a staircase to the Orcish Mines.
  8291 | D:9      | Reached **** piety under Beogh
  9345 | D:9      | Found a white marble altar of Elyvilon.
  9350 | D:9      | Reached skill level 13 in Axes
  9507 | D:9      | Found an ancient bone altar of Kikubaaqudgha.
  9743 | D:10     | Entered Level 10 of the Dungeon
  9843 | D:10     | Reached XP level 11. HP: 66/99 MP: 11/11
 10000 | D:10     | Noticed a two-headed ogre
 10008 | D:10     | Killed a two-headed ogre
 10228 | D:10     | Noticed a centaur warrior
 10233 | D:10     | Killed a centaur warrior
 10234 | D:10     | Reached skill level 10 in Fighting
 10336 | D:10     | Reached skill level 14 in Axes
 10974 | D:11     | Noticed a soul eater
 10983 | D:11     | Killed a soul eater
 11180 | D:11     | Noticed Snorg
 11184 | D:11     | Killed Snorg
 11366 | D:11     | Found a sacrificial altar of Ru.
 11366 | D:11     | Noticed a two-headed ogre
 11367 | D:11     | Noticed a cyclops
 11370 | D:11     | Killed a cyclops
 11372 | D:11     | Killed a two-headed ogre
 11446 | D:11     | Noticed Urug
 11453 | D:11     | HP: 4/101 [Urug/javelin (24)]
 11458 | D:11     | HP: 1/101 [Urug/+0 long sword (19)]
 11459 | D:11     | Killed Urug
 11460 | D:11     | Reached skill level 15 in Axes
 11816 | D:11     | Noticed a soul eater
 11817 | D:11     | Noticed a soul eater
 11829 | D:11     | Killed a soul eater
 11830 | D:11     | Reached XP level 12. HP: 26/110 MP: 12/12
 11833 | D:11     | Killed a soul eater
 11904 | D:11     | Found a staircase to the Lair.
 12639 | D:11     | Reached skill level 16 in Axes
 13257 | D:12     | Noticed Lodul
 13268 | D:12     | Killed Lodul
 13406 | D:12     | Found the +2 ratskin cloak {*Rats rPois rN+ Str-1 Int-1
                  | Dex+1}
 13482 | D:12     | Found a runed translucent door.
 13716 | D:12     | Reached ***** piety under Beogh
 13719 | D:12     | Gained Arbolt as an ally
 13884 | D:12     | Reached skill level 1 in Invocations
 13892 | D:12     | Noticed a boulder beetle
 13898 | D:12     | Noticed a two-headed ogre
 13919 | D:12     | Killed a boulder beetle
 13921 | D:12     | Killed a two-headed ogre
 14003 | D:12     | Noticed an ogre mage
 14010 | D:12     | Gained Borgun as an ally
 14012 | D:12     | Killed an ogre mage
 14185 | D:12     | Noticed ripuliukko's ghost (journeyman GrEE)
 14331 | D:12     | Killed ripuliukko's ghost
 14332 | D:12     | Reached skill level 17 in Axes
 14332 | D:12     | Reached XP level 13. HP: 118/118 MP: 14/16
 14339 | D:12     | Identified the +8 flail "Sofygg" {elec, Will- Int+4 Dex+7}
 14559 | D:13     | Reached skill level 5 in Invocations
 14938 | D:13     | Found a portal to a secret trove of treasure.
 15072 | D:13     | Found Cysam's Fire Supplies.
 15229 | Lair:1   | Entered Level 1 of the Lair of Beasts
 15449 | Lair:1   | Noticed Gastronok
 15458 | Lair:1   | Killed Gastronok
 15498 | Lair:1   | Noticed Fannar
 15510 | Lair:1   | Killed Fannar
 16074 | Lair:2   | Found a staircase to the Shoals.
 16524 | Lair:2   | Found a staircase to the Snake Pit.
 16886 | Lair:3   | Reached skill level 5 in Armour
 16941 | Lair:3   | Reached skill level 18 in Axes
 17010 | Lair:3   | Reached ****** piety under Beogh
 17962 | Lair:5   | Entered Level 5 of the Lair of Beasts
 17965 | Lair:5   | Reached XP level 14. HP: 103/129 MP: 20/20
 18393 | Lair:5   | Found a staircase to the Slime Pits.
 18406 | Lair:5   | Gained Spirok as an ally
 18653 | Lair:5   | Reached skill level 19 in Axes
 18680 | Lair:5   | Noticed a dire elephant
 18683 | Lair:5   | Killed a dire elephant
 18980 | Lair:5   | Upgraded the game from 0.29.1-2-gbd0b4ee654 to
                  | 0.29.1-4-g47bece8355
 19805 | D:14     | Found an iron altar of Okawaru.
 19809 | D:14     | Identified the +8 hand axe "Uvyquoma" {spect, Str+2}
 20044 | D:14     | Identified the +3 ring mail "Diamaol" {*Slow Fly Dex+4
                  | Slay+2}
 20218 | D:14     | Found a gate to the Vaults.
 20526 | D:15     | Entered Level 15 of the Dungeon
 20666 | D:15     | Identified the +1 ring mail of Sif Muna's Castigation
                  | {Will+ Dex+8}
 20744 | D:15     | Found Piruufeg's Antique Weapon Shop.
 20809 | D:15     | Gained Orik as an ally
 20940 | D:15     | Bought a steaming war axe for 246 gold pieces
 20940 | D:15     | Identified the +3 war axe of Zofue {freeze, Stlth+} (You
                  | bought it in a shop on level 15 of the Dungeon)
 21125 | D:15     | Your ally Orik died
 21252 | D:15     | Found a staircase to the Depths.
 21253 | D:15     | Noticed a stone giant
 21298 | D:15     | Reached skill level 10 in Invocations
 21298 | D:15     | Reached XP level 15. HP: 131/138 MP: 22/22
 21335 | D:15     | Reached skill level 20 in Axes
 21940 | Orc:1    | Entered Level 1 of the Orcish Mines
 22003 | Orc:1    | Reached skill level 10 in Dodging
 22118 | Orc:1    | Noticed an orc warlord
 22132 | Orc:1    | Killed an orc warlord
 22388 | Orc:2    | Entered Level 2 of the Orcish Mines
 22400 | Orc:2    | Noticed Jorgrun
 22408 | Orc:2    | Killed Jorgrun
 22446 | Orc:2    | Noticed Donald
 22455 | Orc:2    | Killed Donald
 22558 | Orc:2    | Gained Marbork as an ally
 22581 | Orc:2    | Noticed an orc warlord
 22604 | Orc:2    | Your ally Marbork died
 22617 | Orc:2    | Gained Ugbert as an ally
 22617 | Orc:2    | Killed from afar by an orc sorcerer

Illustrated notes

Levels and vault maps discovered:
D:1:      minmay_arrival_split_and_join, layout_basic
D:2:      layout_rooms
D:3:      layout_loops_cross, nicolae_ecumenical_lake_church
D:4:      layout_loops_ring, minmay_misc_feat_rugged
D:5:      layout_loops_ring, minmay_temple_entry_overgrown,
          cheibrodos_sewer_entry_bend
D:6:      kennysheep_windowed_halls, layout_rooms
D:7:      layout_cave_pools, uniq_maggie
D:8:      layout_loops_ring, bh_walls_and_bars
D:9:      layout_rooms, tgw_kikubaaqudgha, mainiacjoe_overflow_surrounded_room,
          erik_orc_1, kennysheep_generic_room_11
D:10:     layout_loops_ring, small_chamber_with_monster
D:11:     layout_gridville, minmay_lair_entry_grove, serial_demonic,
          serial_demonic_a, serial_demonic_d, serial_demonic_e,
          serial_demonic_b, serial_demonic_e, serial_demonic_a,
          serial_demonic_b, grunt_decor_junction, nicolae_ru_awakened_eye,
          uniq_snorg, uniq_urug
D:12:     minmay_slanted_spiral_squares, layout_irregular_city,
          ebering_ghost_reflecting_pool, serial_column_ruins,
          column_ruins_circle_medium, column_ruins_square_medium,
          column_ruins_open_tiny, column_ruins_corridor_straight,
          column_ruins_grid_2, column_ruins_open_tiny, column_ruins_grid_2,
          column_ruins_columns_corner, nicolae_looking_at_the_future, uniq_lodul
D:13:     layout_long_grid, enter_trove_3, nicolae_shop_fire_sale
          [nicolae_sub_dead_trees]
D:14:     layout_basic, david_vaults_4, okawaru_ov_weapons_minmay
D:15:     grunt_enter_depths_giant_problem, layout_basic, serial_shops, shop,
          gauntlet_entry_generic
Lair:1:   layout_gridlike, st_stairs_6, uniq_fannar, uniq_gastronok
Lair:2:   layout_loops_ring, minmay_shoals_entry_centaurs,
          minmay_snake_entry_guardpost_medium, special_room, minivault_24,
          lemuel_fruit_fields
Lair:3:   layout_cave_shapes
Lair:4:   layout_hall_layers, serial_bayou_lagoon_a, pond
Lair:5:   grunt_lair_end_beastmaster, layout_big_grid,
          minmay_slime_entry_oklob_enclosed
Orc:1:    layout_caves
Orc:2:    st_orc_congregation, layout_caves, minmay_orc_temple_b, uniq_jorgrun,
          uniq_donald

Skill      XL: |  1  2  3  4  5  6  7  8  9 10 11 12 13 14 15 |
---------------+----------------------------------------------+-----
Armour         | 1 2 3 5 7 8 |  8.1
Fighting       | 4 5 6 7 8 9 11 12 13 14 | 14.3
Polearms       | 4 |  4.3
Axes           | 2 4 5 7 9 11 13 15 17 18 19 20 | 20.4
Dodging        | 3 4 5 6 7 8 9 10 | 10.1
Shields        | 2 3 5 7 8 9 |  9.3
Invocations    | 4 8 10 | 10.4
Stealth        | |  1.5

Action                   |  1- 3 |  4- 6 |  7- 9 | 10-12 | 13-15 || total
-------------------------+-------+-------+-------+-------+-------++-------
Melee: Spear             |   173 |     9 |       |       |       ||   182
       War axe           |     3 |    58 |   163 |   346 |   298 ||   868
       Hand axe          |       |       |       |       |   200 ||   200
       Scimitar          |       |       |       |       |     2 ||     2
Throw: Stone             |     8 |     9 |    14 |    12 |    17 ||    60
Invok: Convert to Beogh  |       |       |     1 |       |       ||     1
       Smiting           |       |       |       |     1 |     4 ||     5
       Recall Orcish Fol |       |       |       |     2 |     9 ||    11
       Stop Recall       |       |       |       |     1 |     2 ||     3
       Give Item to Name |       |       |       |       |     3 ||     3
       Resurrection      |       |       |       |       |     1 ||     1
  Use: Scroll            |     1 |       |     1 |    11 |    11 ||    24
       Potion            |       |     1 |       |     2 |       ||     3
 Stab: Sleeping          |     4 |       |       |       |       ||     4
       Distracted        |       |       |       |     4 |     3 ||     7
Armor: Robe              |    31 |    34 |    45 |    86 |   112 ||   308
Dodge: Dodged            |    94 |    53 |    71 |   145 |   198 ||   561
Block: Buckler           |       |       |     6 |       |       ||     6
       Kite shield       |       |       |    20 |   153 |   183 ||   356
